 Dungeon Crawl Stone Soup version 0.19-a0-1111-gcceb26a (webtiles) character file.

637 Geppetto the Slasher (level 7, -3/53 HPs)
             Began as a Demonspawn Gladiator on Aug 10, 2016.
             Was an Initiate of Uskayaw.
             Killed from afar by a dart slug (6 damage)
             ... with a slug dart
             ... on level 5 of the Dungeon.
             The game lasted 00:19:08 (5006 turns).

Geppetto the Slasher (Demonspawn Gladiator)         Turns: 5006, Time: 00:19:09

Health: -3/53      AC:  6    Str: 16    XL:     7   Next: 25%
Magic:  7/7        EV: 10    Int:  9    God:    Uskayaw [......]
Gold:   227        SH:  0    Dex: 15    Spells: 0 memorised, 6 levels left

rFire  . . .     SeeInvis .     a - +2 long sword
rCold  . . .     Gourm    .     m - +0 scale mail
rNeg   . . .     Faith    .     (no shield)
rPois  +         Spirit   .     (helmet restricted)
rElec  .         Dismiss  .     (no cloak)
rCorr  .         Reflect  .     (no gloves)
SustAt .         Harm     .     (no boots)
MR     .....                    (no amulet)
Stlth  ..........               c - ring of poison resistance
                                k - ring of wizardry

@: very slightly contaminated, hasted, very quick
A: horns 1, powered by death 1
a: Renounce Religion


You were on level 5 of the Dungeon.
You worshipped Uskayaw.
Uskayaw was noncommittal.
You were not hungry.

You visited 1 branch of the dungeon, and saw 5 of its levels.
You also visited: Sewer.

You collected 227 gold pieces.

Inventory:

Hand Weapons
 a - a +2 long sword (weapon)
Missiles
 d - 3 throwing nets (quivered)
 u - 173 arrows
Armour
 m - a +0 scale mail (worn)
 v - a +0 plate armour
Jewellery
 c - a ring of poison resistance (right hand)
 k - a ring of wizardry (left hand)
Wands
 y - a wand of disintegration (17/24)
 B - a wand of acid (7/15)
Scrolls
 b - a scroll of blinking {unknown}
 l - a scroll of random uselessness
 n - a scroll of remove curse
 x - a scroll of recharging
 A - 2 scrolls of fog
 D - a scroll of teleportation
 E - a scroll of magic mapping
 F - 2 scrolls of fear
Potions
 e - 2 potions of mutation
 g - a potion of brilliance
 o - 2 potions of lignification
 p - a potion of cancellation {unknown}
 q - a potion of haste
 r - a potion of agility {unknown}
 s - a potion of magic {unknown}
 t - a potion of flight
 w - 2 potions of heal wounds {unknown}
 C - a potion of might {unknown}
Books
 z - a book of Transfigurations

   Spells                             Type                      Level
   a - Irradiate                      Conjuration/Transmutation    5
   b - Statue Form                    Transmutation/Earth          6
   c - Hydra Form                     Transmutation                6
   d - Dragon Form                    Transmutation                7
Comestibles
 f - 5 bread rations
 h - 22 fruits
 i - 4 meat rations


   Skills:
 + Level 3.9 Fighting
 - Level 6.7 Long Blades
 - Level 1.7 Throwing
 * Level 1.6 Armour
 - Level 2.6 Dodging


You had 6 spell levels left.
You didn't know any spells.

Dungeon Overview and Level Annotations

Branches:
Dungeon (5/15)
 Temple: D:4-7

Altars:
Fedhas
Sif Muna
Uskayaw

Annotations:
D:5 Pikel


Innate Abilities, Weirdness & Mutations

You have a pair of small horns on your head.
You regenerate a little health from kills.


Message History

It was a potion of haste.
You feel yourself speed up. The slave misses you.
You riposte.
You slash the slave!
The slave is almost dead.
The orc hits you but does no damage.
You are very lightly contaminated with residual magic.
Okay, then.
The dart slug launches a dart at you. The slug dart misses you.
The slave hits you but does no damage.
There is an open door here.
Pikel the Slaver comes into view.
He is wielding a whip of freezing.
There is an open door here.
Pikel shouts!
You hear a shout! x2
Pikel hits you with a whip of freezing.
* * * LOW HITPOINT WARNING * * *
Pikel freezes you.
* * * LOW HITPOINT WARNING * * *
The dart slug launches a dart at you. The slug dart hits you!
You die...

.. ###'###########
#.............####
........................#
..........<.............#
.......................#
####...K#####..........+
#..'...@'...# ... o....#
#..#....#...#######.....
#..#....##..##....#.....
##'#.....#..##....#.....
#..#.....#..##....#.....
#..#....w#..##....##'##.
#..#.....+p........#..#
#..'....p#.o.......)..#
...
#..#.....##o###########


You could see Pikel, a slave and a dart slug.

Vanquished Creatures
  Eustachio (D:4)
  Blork the orc (D:5)
  2 crimson imps
  A hound (D:4)
  Terence (D:3)
  2 orc wizards (D:3)
  13 adders
  A gnoll (D:2)
  A river rat (Sewer)
  2 oozes
  A dart slug (D:2)
  4 worms
  3 giant geckos
  13 orcs
  4 ball pythons
  6 giant cockroaches
  12 goblins
  3 hobgoblins
  4 jackals (D:2)
  7 kobolds
  4 bats
  9 giant newts
  7 rats
102 creatures vanquished.

Notes
Turn   | Place    | Note
-------+----------+-------------------------------------------
     0 | D:1      | Geppetto the Demonspawn Gladiator began the quest for the Orb.
     0 | D:1      | Reached XP level 1. HP: 16/16 MP: 1/1
   176 | D:1      | Reached skill level 3 in Long Blades
   261 | D:1      | Gained mutation: You regenerate a little health from kills. [demonic ancestry]
   261 | D:1      | Reached XP level 2. HP: 22/22 MP: 2/2
   449 | D:1      | Reached XP level 3. HP: 27/27 MP: 3/3
   879 | D:2      | Found a deep blue altar of Sif Muna.
   997 | D:2      | Reached skill level 4 in Long Blades
  1303 | D:2      | Reached XP level 4. HP: 22/33 MP: 4/4
  1440 | D:2      | Found a blossoming altar of Fedhas.
  1827 | D:3      | Reached skill level 5 in Long Blades
  1964 | D:3      | Reached XP level 5. HP: 38/38 MP: 5/5
  2794 | D:3      | Found a hide-covered altar of Uskayaw.
  2863 | D:3      | Became a worshipper of Uskayaw the Reveler
  2973 | D:3      | Reached * piety under Uskayaw
  3267 | D:3      | Noticed Terence
  3272 | D:3      | Killed Terence
  3541 | D:4      | Noticed Eustachio
  3698 | D:3      | Gained mutation: You have a pair of small horns on your head. [demonic ancestry]
  3698 | D:3      | Reached XP level 6. HP: 21/46 MP: 6/6
  3698 | D:3      | Reached ** piety under Uskayaw
  3718 | D:3      | Reached skill level 6 in Long Blades
  3831 | D:4      | Killed Eustachio
  3966 | D:4      | Reached *** piety under Uskayaw
  3991 | D:4      | Found a glowing drain.
  4020 | Sewer    | Entered a sewer
  4263 | Sewer    | Reached XP level 7. HP: 48/52 MP: 7/7
  4630 | D:5      | Entered Level 5 of the Dungeon
  4687 | D:5      | Reached skill level 1 in Armour
  4720 | D:5      | Noticed Blork the orc
  4745 | D:5      | Killed Blork the orc
  5006 | D:5      | Noticed Pikel
  5006 | D:5      | Killed from afar by a dart slug

Vault maps used:
D:1:      dpeg_arrival_court, supply_closet_lemuel, hangedman_decor_lopped
D:2:      minmay_wonky_spiral, old_standard_altar, fedhas_altar_fruit_tree
D:3:      lemuel_doored_altar, serial_glass, glass_columns_b, glass_columns_a,
          guppyfry_early_orc_mine, uniq_terence
D:4:      gup_sewer_entry_glass, uniq_eustachio
D:5:      first_bread, uniq_blork_the_orc, uniq_pikel
Sewer:    sewer_co_cracked_pipes

Skill      XL: |  1  2  3  4  5  6  7 |
---------------+----------------------+-----
Long Blades    | 3 4 5 6 |  6.7
Fighting       | 3 |  3.9
Armour         | 1 |  1.6
Throwing       | |  1.7
Dodging        | |  2.6

Action                   |  1- 3 |  4- 6 |  7- 9 || total
-------------------------+-------+-------+-------++-------
Melee: Long sword        |   112 |   261 |    40 ||   413
       Headbutt          |       |    10 |    11 ||    21
Invok: Stomp             |       |     6 |     2 ||     8
  Use: Scroll            |     6 |     7 |     1 ||    14
       Potion            |       |     1 |     2 ||     3
  Eat: Chunk             |     1 |    11 |     1 ||    13
       Fruit             |       |       |     2 ||     2
Armor: Leather armour    |    16 |       |       ||    16
       Scale mail        |    12 |    94 |    14 ||   120
Dodge: Dodged            |    56 |   118 |    22 ||   196
